 Dungeon Crawl Stone Soup version 0.29-a0-194-g6e3aafee17 (webtiles) character file.

Game seed: 10324710644571404076

11 bladeefan the Skirmisher (level 2, 0/24 HPs)
             Began as a Demonspawn Chaos Knight on Feb 22, 2022.
             Was a Plaything of Xom.
             Slain by a kobold
             ... wielding a +1 short sword of electrocution
              (19 damage)
             ... on level 1 of the Dungeon.
             The game lasted 00:00:21 (229 turns).

bladeefan the Skirmisher (Demonspawn Chaos Knight)   Turns: 229, Time: 00:00:22

Health: 0/24       AC:  5    Str: 12    XL:     2   Next: 17%
Magic:  2/2        EV: 11    Int: 13    God:    Xom [..*...]
Gold:   12         SH:  0    Dex: 12    Spells: 1/1 levels left

rFire   . . .      SeeInvis .   a - +0 mace (chaos)
rCold   . . .      Faith    .   (no shield)
rNeg    . . .      Spirit   .   b - +2 leather armour
rPois   .          Reflect  .   (no helmet)
rElec   .          Harm     .   (no cloak)
rCorr   .          Rampage  .   (no gloves)
Will    .....                   (no boots)
Stlth   +.........              (no amulet)
HPRegen 0.08/turn               (no ring)
MPRegen 0.08/turn               (no ring)

@: no status effects
A: weakness stinger 1
a: Renounce Religion


You were on level 1 of the Dungeon.
You worshipped Xom.
You were a toy of Xom.
You visited 1 branch of the dungeon, and saw 1 of its levels.

You collected 12 gold pieces.

Inventory:

Hand Weapons
 a - a +0 mace of chaos (weapon)
Armour
 b - a +2 leather armour (worn)
Scrolls
 d - a scroll of enchant armour {unknown}
Potions
 c - a potion of degeneration {unknown}
 e - a potion of heal wounds {unknown}
 f - 2 potions of lignification {unknown}
 g - a potion of mutation {unknown}


   Skills:
 + Level 3.1 Fighting
 * Level 3.0 Maces & Flails
 + Level 2.0 Armour
 + Level 1.1 Dodging


You had one spell level left.
You didn't know any spells.
Your spell library was empty.

Dungeon Overview and Level Annotations

Branches:
Dungeon (1/15)

Altars:


Innate Abilities, Weirdness & Mutations

You have a small tail.


Message History

The ball python hisses angrily.
You hit the rat but do no damage. The rat barely misses you.
You barely miss the rat. The rat closely misses you.
You closely miss the rat. The rat closely misses you.
You hit the ball python.
The ball python seems to speed up.
Your tail-slap misses the ball python.
The rat barely misses you.
The ball python bites you but does no damage.
The ball python grabs you. The ball python constricts you.
The ball python bites you. The ball python constricts you.
The rat bites you but does no damage.
You hit the ball python. You freeze the ball python.
You kill the ball python!
The rat bites you but does no damage.
You thump the rat!
You kill the rat!
Your Maces & Flails skill increases to level 3!
Key pressed, stopping explore.
Found a viscous sapphire potion.
Found a cyan potion.
A goblin comes into view. It is wielding a +0 club.
A goblin is nearby!
A goblin is nearby!
You see here a viscous sapphire potion.
The goblin hits you with a +0 club.
You hit the goblin but do no damage.
The goblin is poisoned.
Your tail-slap misses the goblin.
The goblin hits you with a +0 club. The goblin hits you but does no damage.
You thump the goblin! You freeze the goblin.
You kill the goblin!
Your Armour skill increases to level 2!
Things that are here:
a +0 club; a goblin corpse
Found 2 blue potions.
e - a cyan potion
f - 2 blue potions
Things that are here:
a +0 club; a goblin corpse Key pressed, stopping explore.
g - a viscous sapphire potion
Found a stone staircase leading down.
A kobold comes into view.
It is wielding a +1 short sword of electrocution.
Found 14 gold pieces.
You closely miss the kobold.
The kobold hits you with a +1 short sword of electrocution.
You miss the kobold. You punch the kobold.
The kobold hits you with a +1 short sword of electrocution.
You are electrocuted!!
Ouch! That really hurt!
You die...
Xom yawns loudly!

.......###....$
........................
#.......................
.......................
#......................
#......................
#..............K.......
##..............@.......
.................#......
##................##....
#...................##.
#.........#...#.......#
#.##.....##.###.#>###..
##.)................. .
......#.........##.###
#..............###.###
#..


You could see a kobold.

Vanquished Creatures
  2 ball pythons (D:1)
  An endoplasm (D:1)
  A giant cockroach (D:1)
  A goblin (D:1)
  A hobgoblin (D:1)
  2 quokkas (D:1)
  A rat (D:1)
9 creatures vanquished.

Notes
Turn   | Place    | Note
-------+----------+-------------------------------------------
     0 | D:1      | bladeefan the Demonspawn Chaos Knight began the quest for
                  | the Orb.
     0 | D:1      | Reached XP level 1. HP: 18/18 MP: 1/1
    36 | D:1      | Reached skill level 1 in Dodging
    37 | D:1      | XOM: silly message
    42 | D:1      | Gained mutation: You have a small tail. [demonic ancestry]
    42 | D:1      | Reached XP level 2. HP: 19/24 MP: 2/2
   229 | D:1      | Slain by a kobold

Illustrated notes

Levels and vault maps discovered:
D:1:      dpeg_arrival_pits, layout_rooms

Skill      XL: |  1  2 |
---------------+-------+-----
Dodging        | 1 |  1.1
Maces & Flails | 3 |  3.0
Armour         | 2 |  2.0
Fighting       | |  3.1

Action                   || total
-------------------------++-------
Melee: Mace              ||    23
       Punch             ||     1
Armor: Leather armour    ||     6
Dodge: Dodged            ||    10

Table legend: (Time is in decaauts)
 A = Elapsed time spent in this place.
 B = Non-inter-level travel time spent in this place.
 C = Inter-level travel time spent in this place.
 D = Time resting spent in this place.
 E = Time spent auto-exploring this place.
 F = Levels seen in this place.
 G = Mean time per level.
                   A        B        C        D        E       F      G
               +--------+--------+--------+--------+--------+-----+--------+
         Total |    234 |    234 |      0 |      0 |    175 |   1 |  234.0 |
       Dungeon |    234 |    234 |      0 |      0 |    175 |   1 |  234.0 |
               +--------+--------+--------+--------+--------+-----+--------+

Top non-repeatable levels by time:
     D:1: 234 daAuts
